AoeStats
← [RAT] G0rm

Hill Fort

504879059Analyzed
3v3 RM · 26d ago on Sep 6, 2026· 49m 47s· 6 players
Game mode
Random Map
Map size
Normal (6 player)
Population
200
Speed
Normal
Resources
Standard
Victory
Conquest
Starting age
Dark Age
Ending age
Imperial Age
RankedLock teamsTeams togetherTeam positionsShared explorationLock speedFull tech treeHidden civsTurbo modeCheats
Victory
Defeat
🇳🇱 Vietnamese · Netherlands
1639
+11
🇺🇸 Mongols · United States
1597
+13
🇨🇴 Spanish · Colombia
1597
+13
🇳🇱 Koreans · Netherlands
1607
-16
🇷🇴 Bulgarians · Romania
1547
-13
🇷🇴 Tatars · Romania
1416
-8
[RAT] Havik_AoE
10:35 Feudal Age
15:19 Castle Age
13:46 Double-Bit Axe
13:59 Horse Collar
17:43 Bow Saw
17:34 Heavy Plow
17:35 Loom
23:26 Wheelbarrow
24:02 Town Watch
26:25 Fletching
27:07 Bodkin Arrow
28:10 Hand Cart
32:05 Imperial Age
30:33 Ballistics
31:13 Gold Mining
31:52 Scale Mail Armor
31:54 Squires
31:44 Crossbowman
32:55 Thumb Ring
32:50 Bracer
34:02 Chemistry
33:12 Heavy Rocket Cart
34:37 Siege Engineers
35:20 Pikeman
36:19 Chain Mail Armor
37:30 Shinkichon
37:31 Conscription
37:43 Eupseong
39:06 Masonry
39:00 Halberdier
40:19 Plate Mail Armor
40:33 Arbalester
41:45 Forging
43:51 Iron Casting
42:51 Elite Skirmisher
46:44 Caravan
49:43 Architecture
48:54 Treadmill Crane
49:15 Murder Holes
49:09 Arrowslits
49:23 Murder Holes
Mihail
11:06 Feudal Age
17:08 Castle Age
15:08 Double-Bit Axe
16:17 Horse Collar
16:31 Fletching
17:48 Bodkin Arrow
21:50 Ballistics
21:42 Loom
21:43 Town Watch
31:00 Padded Archer Armor
32:04 Wheelbarrow
31:56 Leather Archer Armor
32:56 Bloodlines
33:35 Hand Cart
39:37 Imperial Age
37:55 Bow Saw
38:20 Husbandry
38:54 Fortified Wall
38:25 Treadmill Crane
38:45 Gold Mining
40:20 Bracer
41:23 Chemistry
40:35 Scale Barding Armor
41:10 Coinage
40:49 Heavy Cavalry Archer
43:29 Chain Barding Armor
43:39 Forging
43:51 Caravan
44:53 Ring Archer Armor
45:07 Conscription
45:30 Banking
46:06 Plate Barding Armor
46:07 Light Cavalry
47:44 Iron Casting
[RAT] G0rm
11:41 Feudal Age
15:58 Castle Age
14:30 Double-Bit Axe
19:35 Loom
20:15 Scale Mail Armor
20:59 Forging
20:39 Gambesons
21:53 Chain Mail Armor
22:18 Arson
25:08 Fletching
28:14 Wheelbarrow
28:30 Bow Saw
29:37 Horse Collar
32:53 Bodkin Arrow
33:28 Hand Cart
33:54 Gold Mining
34:07 Heavy Plow
35:22 Stone Mining
39:09 Imperial Age
38:04 Scale Barding Armor
38:35 Iron Casting
38:11 Town Watch
38:59 Chain Barding Armor
41:56 Plate Barding Armor
40:57 Elite Konnik
44:25 Blast Furnace
43:35 Bracer
44:27 Stirrups
45:02 Light Cavalry
45:52 Bloodlines
45:42 Husbandry
46:16 Plate Mail Armor
45:51 Hussar
47:47 Caravan
49:45 Conscription
dyatos
10:43 Feudal Age
14:33 Castle Age
13:13 Double-Bit Axe
13:34 Horse Collar
15:33 Heavy Plow
18:55 Fletching
19:29 Bow Saw
20:18 Bodkin Arrow
21:55 Padded Archer Armor
27:00 Wheelbarrow
26:19 Gold Mining
28:14 Ballistics
28:25 Hand Cart
27:58 Town Watch
28:08 Loom
28:58 Stone Mining
30:05 Stone Shaft Mining
34:57 Imperial Age
33:26 Fortified Wall
35:30 Leather Archer Armor
35:41 Bracer
35:04 Elite Rattan Archer
36:47 Chemistry
36:43 Ring Archer Armor
38:07 Two-Man Saw
37:39 Paper Money
37:36 Siege Engineers
38:55 Thumb Ring
41:44 Coinage
43:19 Treadmill Crane
44:16 Hoardings
44:00 Caravan
44:31 Banking
44:50 Murder Holes
45:55 Guilds
Zeroreasonz
5:14 Loom
9:19 Feudal Age
10:18 Double-Bit Axe
12:18 Wheelbarrow
14:17 Horse Collar
18:57 Castle Age
17:40 Forging
19:52 Bow Saw
20:28 Scale Barding Armor
20:54 Town Watch
21:37 Bloodlines
21:32 Husbandry
24:16 Heavy Plow
24:35 Hand Cart
29:07 Fletching
29:16 Gold Mining
30:19 Bodkin Arrow
31:41 Gold Shaft Mining
30:57 Stone Mining
32:02 Padded Archer Armor
35:58 Imperial Age
34:38 Ballistics
34:52 Coinage
34:59 Thumb Ring
35:11 Leather Archer Armor
35:02 Scale Barding Armor
34:18 Light Cavalry
36:16 Masonry
36:40 Bracer
37:42 Chemistry
37:05 Conscription
37:30 Stone Shaft Mining
36:26 Hussar
36:34 Elite Mangudai
36:43 Elite Mangudai
38:25 Chain Barding Armor
38:41 Iron Casting
39:29 Drill
38:46 Capped Ram
41:05 Siege Ram
41:05 Onager
42:39 Parthian Tactics
46:34 Nomads
47:48 Caravan
49:29 Blast Furnace
50:01 Hoardings
50:02 Fortified Wall
FreakingDanny
12:07 Feudal Age
16:05 Castle Age
14:22 Horse Collar
15:17 Double-Bit Axe
16:45 Loom
17:18 Bow Saw
21:28 Bloodlines
32:14 Padded Archer Armor
34:44 Gold Mining
36:38 Wheelbarrow
35:49 Town Watch
40:05 Imperial Age
39:52 Fletching
40:17 Leather Archer Armor
40:47 Heavy Plow
40:40 Elite Conquistador
41:52 Ring Archer Armor
41:24 Husbandry
41:29 Stone Mining
42:27 Fletching
44:21 Conscription
43:29 Light Cavalry
44:12 Bodkin Arrow
43:42 Elite Skirmisher
44:55 Light Cavalry
46:05 Hand Cart
46:17 Imperial Skirmisher
47:04 Thumb Ring
47:04 Bracer
48:17 Ballistics
48:41 Scale Barding Armor
48:46 Forging
48:18 Cavalier
51:17 Chemistry
Connection lost

Rejoining the realm…

Still unreachable

The connection could not be restored.

Session expired

The server has moved on; the page needs a fresh start.